 Dungeon Crawl Stone Soup version 0.17-a0-719-g32c6a46 (webtiles) character file.

596 Ngotmuk the Covered (level 7, -6/66 HPs)
             Began as a Deep Dwarf Fighter on Apr 20, 2015.
             Killed by nerve-wracking pain
             ... invoked by Menkaure
              (8 damage)
             ... on level 6 of the Dungeon.
             The game lasted 00:12:50 (2758 turns).

Ngotmuk the Covered (Deep Dwarf Fighter)            Turns: 2758, Time: 00:12:51

Health: -6/66      AC: 18    Str: 22    XL:     7   Next: 17%
Magic:  7/7        EV:  6    Int:  8    God:
Gold:   161        SH: 10    Dex: 12    Spells: 0 memorised, 6 levels left

rFire  . . .     SeeInvis .     w - +1 flail (protect)
rCold  . . .     Clarity  .     x - +0 chain mail
rNeg   . . .     SustAb   .     c - +0 shield
rPois  .         Gourm    .     o - +0 helmet
rElec  .         Spirit   .     (no cloak)
rCorr  .         Warding  .     y - +1 pair of gloves
rMut   .         Stasis   .     (no boots)
MR     +....                    (no amulet)
Stlth  ..........               (no ring)
                                (no ring)

@: non-regenerating, somewhat resistant to hostile enchantments, extremely
unstealthy
A: damage resistance, recharge devices, sense surroundings 1, slow healing 3
a: Device Recharging


You were on level 6 of the Dungeon.
You were not hungry.

You visited 1 branch of the dungeon, and saw 6 of its levels.

You collected 161 gold pieces.

Inventory:

Hand weapons
 w - a +1 flail of protection (weapon)
Armour
 c - a +0 shield (worn)
 o - a +0 helmet (worn)
 x - a +0 chain mail (worn)
 y - a +1 pair of gloves (worn)
Magical devices
 d - a wand of heal wounds (2)
 h - a wand of polymorph (6)
 j - a wand of enslavement (0)
 q - a wand of polymorph (13)
 z - a wand of digging (8)
Scrolls
 a - a scroll of amnesia
 g - a scroll of magic mapping
 i - a scroll of remove curse
 k - 3 scrolls of teleportation {unknown}
 p - a scroll of fog {unknown}
 s - 2 scrolls of identify
Potions
 b - 2 potions of agility {unknown}
 e - 2 potions of might
 l - a potion of haste {unknown}
 m - a potion of heal wounds {unknown}
 n - a potion of ambrosia {unknown}
 r - a potion of cancellation {unknown}
 t - a potion of resistance {unknown}
 u - a potion of mutation {unknown}
 v - a potion of curing
Comestibles
 f - 4 bread rations


   Skills:
 + Level 4.4 Fighting
 + Level 4.0 Maces & Flails
 + Level 5.7 Armour
 + Level 5.0 Shields


You had 6 spell levels left.
You didn't know any spells.

Dungeon Overview and Level Annotations

Branches:
Dungeon (7/15)
 Temple: D:4-7

Altars:
Cheibriados
Qazlal
Vehumet
The Shining One

Annotations:
D:6 Menkaure


Innate Abilities, Weirdness & Mutations

You are resistant to damage.
You can recharge devices by infusing magical energy.
You passively map a small area around you.
You do not heal naturally.


Message History

You hit Menkaure but do no damage.
Menkaure is heavily damaged.
Menkaure hits you.
* * * LOW HITPOINT WARNING * * *
Menkaure barely misses you.
Your shield and chain mail prevent you from hitting Menkaure.
Menkaure is heavily damaged.
Menkaure hits you but does no damage.
You barely miss Menkaure.
Menkaure is heavily damaged.
Menkaure casts a spell at you. Pain shoots through your body!
* * * LOW HITPOINT WARNING * * *
Menkaure hits you.
* * * LOW HITPOINT WARNING * * *
Your chain mail prevents you from hitting Menkaure.
Menkaure is heavily damaged.
Menkaure points at you and mumbles some strange words.
Pain shoots through your body!
You die...

. , * .... , # ..#.
, , ... ...# *, ,
#.#* *...# #.. , #.#
*#..# #.## #..#
#..#######..# # *
#.M##...........###.
#.@..# #....... .
#..##.## #....... ,
...# *#..# #..#
##....... #... ..##
##.## #.......#
.#*#... ## #
#..####.......#
...##..# .#*
#.......###...#
.......# *
.##..####........# *
#.....## **..(.##
##........#
#......## ##..#
#..........


You could see Menkaure.

Vanquished Creatures
  The ghost of Lokkij the Gusty, an average VSAE (D:3)
  An ogre (D:4)
  A hound (D:4)
  An orc priest (D:7)
  A wasp zombie (D:7)
  An iguana (D:6)
  An orc wizard (D:4)
  Natasha (thrice) (D:3)
  A statue (D:4)
  Robin (D:3)
  4 adders
  2 gnolls (D:7)
  2 worms
  3 giant geckos
  12 orcs
  10 bats
  3 giant cockroaches
  17 goblins
  7 hobgoblins
  2 jackals (D:1)
  2 quokkas
  2 ball pythons (D:2)
  4 giant newts
  8 kobolds
  5 rats
95 creatures vanquished.

Notes
Turn   | Place    | Note
--------------------------------------------------------------
     0 | D:1      | Ngotmuk, the Deep Dwarf Fighter, began the quest for the Orb.
     0 | D:1      | Reached XP level 1. HP: 20/20 MP: 1/1
   120 | D:1      | Reached XP level 2. HP: 27/27 MP: 2/2
   701 | D:1      | Reached XP level 3. HP: 29/34 MP: 3/3
  1010 | D:2      | Reached skill level 4 in Armour
  1202 | D:2      | Found a glowing golden altar of the Shining One.
  1516 | D:3      | Noticed Natasha
  1535 | D:3      | Killed Natasha
  1535 | D:3      | Reached XP level 4. HP: 27/42 MP: 4/4
  1699 | D:3      | Noticed Natasha
  1706 | D:3      | Killed Natasha
  1752 | D:3      | Found a stormy altar of Qazlal.
  1755 | D:3      | Noticed a fire elemental
  1756 | D:3      | Noticed an air elemental
  1756 | D:3      | Noticed a water elemental
  1756 | D:3      | Noticed an earth elemental
  1886 | D:3      | Noticed Lokkij's ghost (average VSAE)
  1915 | D:3      | Killed Lokkij's ghost
  1915 | D:3      | Reached skill level 5 in Armour
  1915 | D:3      | Reached XP level 5. HP: 5/50 MP: 5/5
  1927 | D:3      | Noticed Natasha
  1937 | D:3      | Killed Natasha
  1988 | D:3      | Reached XP level 6. HP: 28/57 MP: 6/6
  2082 | D:3      | Noticed Robin
  2101 | D:3      | Killed Robin
  2429 | D:4      | Found a radiant altar of Vehumet.
  2531 | D:4      | You fall through a shaft for 3 floors!
  2531 | D:7      | Found a snail-covered altar of Cheibriados.
  2558 | D:7      | Reached XP level 7. HP: 34/66 MP: 7/7
  2612 | D:7      | Reached skill level 5 in Shields
  2750 | D:6      | Noticed Menkaure
  2757 | D:6      | HP: 3/66 [Menkaure/nerve-wracking pain (9)]
  2758 | D:6      | Killed from afar by Menkaure

Action                   |  1- 3 |  4- 6 |  7- 9 || total
-------------------------+-------+-------+-------++-------
Melee: Flail             |   175 |   181 |    45 ||   401
       Unarmed           |       |     2 |       ||     2
Evoke: Wand              |       |     3 |       ||     3
  Use: Scroll            |       |     6 |       ||     6
  Eat: Meat ration       |     1 |       |       ||     1
       Bread ration      |       |       |     1 ||     1
